 Dungeon Crawl Stone Soup version 0.29.1-15-g9cfb28693d (webtiles) character file.

Game seed: 13024083272814765314

18 sampeng1 the Insei (level 2, -3/21 HPs)
             Began as a Human Transmuter on May 11, 2023.
             Slain by a goblin
             ... wielding a +0 club
              (4 damage)
             ... on level 1 of the Dungeon.
             The game lasted 00:01:41 (340 turns).

sampeng1 the Insei (Human Transmuter)                Turns: 340, Time: 00:01:41

Health: -3/21      AC:  2    Str: 10    XL:     2   Next: 85%
Magic:  4/5        EV: 12    Int: 13    God:
Gold:   0          SH:  0    Dex: 13    Spells: 4/5 levels left

rFire   . . .      SeeInvis .     - Unarmed
rCold   . . .      Faith    .   (no shield)
rNeg    . . .      Spirit   .   a - +0 robe
rPois   .          Reflect  .   (helmet currently unavailable)
rElec   .          Harm     .   (no cloak)
rCorr   .          Rampage  .   (no gloves)
Will    .....                   (boots currently unavailable)
Stlth   +.........              (no amulet)
HPRegen 0.07/turn               (no ring)
MPRegen 0.09/turn               (no ring)

@: appendages (expiring)
A: horns 2, talons 2
a: End Transformation


You were on level 1 of the Dungeon.
You had temporarily grown beastly horns and talons.
You visited 1 branch of the dungeon, and saw 1 of its levels.

Inventory:

Armour
 a - a +0 robe (worn)
 d - a +0 pair of boots
Scrolls
 c - a scroll of summoning {unknown}
Potions
 b - a potion of lignification


   Skills:
 + Level 1.3 Fighting
 + Level 2.2 Dodging
 + Level 3.1 Unarmed Combat
 + Level 2.2 Spellcasting
 + Level 2.2 Transmutations


You had 4 spell levels left.
You knew the following spells:

 Your Spells              Type           Power      Damage    Failure   Level
a - Beastly Appendage     Tmut           14%        N/A       10%         1

Your spell library contained the following spells:

 Spells                   Type           Power      Damage    Failure   Level
 Wereblood                Tmut           7%         N/A       16%         2
 Spider Form              Tmut/Pois      4%         N/A       43%         3
 Gell's Gravitas          Tloc           1%         N/A       58%         3
 Portal Projectile        Hex/Tloc       2%         N/A       58%         3
 Teleport Other           Tloc           1%         N/A       58%         3
 Tukima's Dance           Hex            1%         N/A       58%         3
 Ice Form                 Ice/Tmut       4%         N/A       83%         4
 Blade Hands              Tmut           3%         N/A       95%         5
 Dispersal                Tloc           0%         N/A       100%        6


Dungeon Overview and Level Annotations

Branches:
Dungeon (1/15)

Altars:


Innate Abilities, Weirdness & Mutations

You have temporarily grown beastly horns and talons.


Message History

A jackal comes into view.
You see here a +0 pair of boots.
d - a +0 pair of boots A jackal comes into view.
The jackal barks! x2; You hear a shout!
The jackal bites you but does no damage.
You barely miss the jackal.
A hobgoblin comes into view.
The jackal bites you.
You closely miss the jackal.
The jackal bites you. x2; The jackal misses you.
You hit the jackal.
The jackal is moderately wounded.
The jackal closely misses you. The jackal barely misses you. x2
You hit the jackal but do no damage.
The jackal is moderately wounded.
The jackal bites you. The goblin barely misses you.
The jackal barely misses you.
Casting: Beastly Appendage (safe; 10% risk of failure)
Confirm with . or Enter, or press ? or * to list all spells.
You grow a pair of large bovine horns.
Your feet morph into talons.
The jackal closely misses you. The jackal barely misses you.
The goblin hits you with a +0 club.
* * * LOW HITPOINT WARNING * * *
The jackal barely misses you. The jackal misses you.
You barely miss the jackal. You claw the jackal.
The jackal is severely wounded.
The goblin hits you but does no damage.
The jackal bites you but does no damage.
The jackal closely misses you.
You hit the jackal but do no damage. You claw the jackal.
Your punch misses the jackal.
The jackal is almost dead.
The jackal bites you.
* * * LOW HITPOINT WARNING * * *
The jackal barely misses you. The goblin hits you with a +0 club.
* * * LOW HITPOINT WARNING * * *
The jackal misses you. The hobgoblin attacks as you move away!
The hobgoblin barely misses you. The jackal completely misses you.
The goblin hits you with a +0 club.
You die...

..............?....#
#.....#.......###....b
#.....................
#.....#.......##......
###.................#
#.........g...!....
###......##........#.
#......g###.#......#
#.##..@gh...#.......
#...h....#.......
...................
#..#.#.........##.#
##...........#..
#.#.#.#.......#
#........##.###
###...#.^# .#


You could see 2 jackals, a hobgoblin and a goblin.

Vanquished Creatures
  2 dart slugs (D:1)
  A bat (D:1)
  2 endoplasms (D:1)
  A giant cockroach (D:1)
  A goblin (D:1)
  2 kobolds (D:1)
  A ball python (D:1)
  A frilled lizard (D:1)
  2 rats (D:1)
13 creatures vanquished.

Notes
Turn   | Place    | Note
-------+----------+-------------------------------------------
     0 | D:1      | sampeng1 the Human Transmuter began the quest for the Orb.
     0 | D:1      | Reached XP level 1. HP: 15/15 MP: 3/3
    58 | D:1      | Reached XP level 2. HP: 15/21 MP: 5/5
   339 | D:1      | HP: 1/21 [goblin/+0 club (3)]
   340 | D:1      | Slain by a goblin

Illustrated notes

Levels and vault maps discovered:
D:1:      nzn_arrival_depleted_hourglass, layout_rooms, serial_glass,
          glass_columns_c, glass_columns_a, due_unseen_surprise

Action                   || total
-------------------------++-------
Melee: Unarmed           ||    41
       Punch             ||     1
       Kick              ||     5
       Headbutt          ||     1
 Cast: Beastly Appendage ||     2
 Stab: Sleeping          ||     2
Armor: Robe              ||    11
Dodge: Dodged            ||    32
